 Dungeon Crawl Stone Soup version 0.31.0-11-ge490571c62 (webtiles) character file.

Game seed: 3971732986366321611

105 AlmostDecent the Chopper (level 4, -5/55 HPs)
             Began as a Demonspawn Berserker on Jan 26, 2024.
             Was a Believer of Trog.
             Slain by a gnoll
             ... wielding a +0 flail of holy wrath
              (9 damage)
             ... on level 2 of the Dungeon.
             The game lasted 00:05:07 (1659 turns).

AlmostDecent the Chopper (Demonspawn Berserker)     Turns: 1659, Time: 00:05:08

Health: -5/55      AC: 11    Str: 19    XL:     4   Next: 53%
Magic:  4/4        EV:  6    Int:  8    God:    Trog [**....]
Gold:   122        SH:  0    Dex: 12    Spells: 3/3 levels left

rFire   + . .        a - +0 hand axe
rCold   + . .        (no shield)
rNeg    . . .        d - +0 plate armour
rPois   .            (helmet restricted)
rElec   .            q - scarf {rC+ rF+}
rCorr   .            p - +0 pair of gloves
SInv    .            (no boots)
Will    .....        (no amulet) Stlth
                     (no ring)
HPRegen 0.29/turn    (no ring)
MPRegen 0.09/turn

%: no passive effects
@: berserking, very quick
A: horns 2, ignite blood 1
a: Renounce Religion, Berserk, Trog's Hand


You were on level 2 of the Dungeon.
You worshipped Trog.
Trog was pleased with you.
You visited 1 branch of the dungeon, and saw 3 of its levels.

You collected 122 gold pieces.

Inventory:

Hand Weapons
 a - a +0 hand axe (weapon)
Armour
 b - a +0 animal skin
 d - a +0 plate armour (worn)
 p - a +0 pair of gloves (worn)
 q - a scarf of resistance (worn)
Scrolls
 c - 4 scrolls of revelation {unknown}
 e - 3 scrolls of identify {unknown}
 j - a scroll of amnesia {unknown}
 k - 4 scrolls of teleportation {unknown}
 m - a scroll of enchant weapon {unknown}
 n - 2 scrolls of immolation {unknown}
Potions
 f - a potion of lignification {unknown}
 g - a potion of curing {unknown}
 h - a potion of heal wounds {unknown}
 i - a potion of might {unknown}
 l - a potion of brilliance {unknown}
 o - a potion of haste {unknown}


   Skills:
 + Level 3.7 Fighting
 * Level 4.4 Axes
 - Level 1.7 Armour
 - Level 1.7 Dodging


You had 3 spell levels left.
You didn't know any spells.
Your spell library was empty.

Dungeon Overview and Level Annotations

Branches:
Dungeon (3/15)

Altars:


Innate Abilities, Weirdness & Mutations

You have a pair of horns on your head.
Your demonic aura sometimes causes spilled blood to erupt in flames.


Message History

Trog accepts your kill.
No target in view!
No target in view!
No target in view!
Found an escape hatch in the ceiling.
No target in view!
You see here a scarf of resistance.
q - a scarf of resistance You start putting on your armour.
You continue putting on your scarf of resistance. x4
You finish putting on your scarf of resistance.
You feel resistant to extremes of temperature.
There is an escape hatch in the ceiling here.
You see here a +0 dagger.
A gnoll comes into view.
It is wielding a +0 flail of holy wrath.
The gnoll shouts!
You hear a shout!
Found a pair of gloves.
The gnoll hits you with a +0 flail of holy wrath.
You convulse!
You closely miss the gnoll.
A kobold comes into view. It is wielding a +0 whip.
The gnoll hits you but does no damage.
The gnoll hits you with a +0 flail of holy wrath.
You convulse.
You are too injured to fight recklessly!
You are too injured to fight recklessly!
You are too injured to fight recklessly!
A red film seems to cover your vision as you go berserk!
You feel yourself moving faster!
You feel mighty!
The gnoll hits you with a +0 flail of holy wrath.
* * * LOW HITPOINT WARNING * * *
You convulse.
* * * LOW HITPOINT WARNING * * *
You barely miss the gnoll. You slash the gnoll!
The gnoll is almost dead.
The gnoll hits you with a +0 flail of holy wrath.
* * * LOW HITPOINT WARNING * * *
You convulse!
You die...

#####.#.................
#.#.###.#.#.#..####.
#.#.................
#.#.###.#...#..####.
.#.###.#...#.......
.................. #
#.###.#...#.......
#####.#.##......#......#
...K..g@...............#
................#......#
#####...........#..####.
#.#.............(...
...#.###...).........
#...... .........####.
#.#.#.###.#[##...# #.
#.#...[ ..#......####.
#.##........


You could see a gnoll and a kobold.

Vanquished Creatures
  2 gnolls (D:2)
  An adder (D:2)
  2 dart slugs (D:1)
  4 ribbon worms
  7 endoplasms
  A giant cockroach (D:1)
  4 hobgoblins
  3 jackals (D:1)
  5 kobolds
  6 quokkas
  5 ball pythons
  5 bats
  A frilled lizard (D:1)
  6 goblins
  3 rats
55 creatures vanquished.

Notes
Turn   | Place    | Note
-------+----------+-------------------------------------------
     0 | D:1      | AlmostDecent the Demonspawn Berserker began the quest for
                  | the Orb.
     0 | D:1      | Reached XP level 1. HP: 18/18 MP: 1/1
   192 | D:1      | Found a faded altar of an unknown god.
   203 | D:1      | Reached skill level 3 in Axes
   226 | D:1      | Gained mutation: You have a pair of small horns on your
                  | head. [demonic ancestry]
   226 | D:1      | Reached XP level 2. HP: 24/24 MP: 2/2
   652 | D:1      | Reached ** piety under Trog
   653 | D:1      | Gained mutation: You have a pair of horns on your head.
                  | [demonic ancestry]
   653 | D:1      | Reached XP level 3. HP: 25/29 MP: 3/3
  1078 | D:2      | Reached skill level 4 in Axes
  1078 | D:2      | Gained mutation: Your demonic aura sometimes causes spilled
                  | blood to erupt in flames. [demonic ancestry]
  1078 | D:2      | Reached XP level 4. HP: 36/36 MP: 4/4
  1173 | D:2      | You fall into a shaft and drop 1 floor!
  1659 | D:2      | Slain by a gnoll

Illustrated notes

Levels and vault maps discovered:
D:1:      dpeg_cavernosity, layout_loops_ring,
          dreamdust_ecumenical_altar_statues
D:2:      layout_basic, grunt_ministairs_5
D:3:      layout_loops_cross, mainiacjoe_overflow_brackets

Skill      XL: |  1  2  3 |
---------------+----------+-----
Axes           | 3 4 |  4.4
Fighting       | |  3.7
Armour         | |  1.7
Dodging        | |  1.7

Action                     |  1- 3 |  4- 6 || total
---------------------------+-------+-------++-------
  Melee: Hand axe          |    93 |    58 ||   151
         Headbutt          |    17 |    10 ||    27
 Invoke: Berserk           |       |     1 ||     1
 Armour: Plate armour      |    82 |    45 ||   127
  Dodge: Dodged            |    37 |    20 ||    57
